 Seeded DCSS version 0.28-a0-1518-gbe868bca14 (webtiles) character file.

Game seed: 14539205175287076395 (custom seed)

110 innerfire433 the Stinger (level 4, -3/33 HPs)
             Began as a Minotaur Venom Mage on Jan 16, 2022.
             Killed from afar by Sigmund (5 damage)
             ... with a magic dart
             ... on level 3 of the Dungeon.
             The game lasted 00:05:55 (2075 turns).

innerfire433 the Stinger (Minotaur Venom Mage)      Turns: 2075, Time: 00:05:56

Health: -3/33      AC:  3    Str: 14    XL:     4   Next: 61%
Magic:  5/5        EV: 12    Int: 12    God:
Gold:   123        SH:  5    Dex: 11    Spells: 4/5 levels left

rFire   + . .      SeeInvis .   e - staff of poison
rCold   + . .      Faith    .   (no shield)
rNeg    . . .      Spirit   .   a - +0 robe
rPois   +          Reflect  +   (helmet restricted)
rElec   +          Harm     .   (no cloak)
rCorr   +          Rampage  .   g - +0 pair of gloves
Will    .....                   (no boots)
Stlth   ++........              i - amulet of reflection
HPRegen 0.11/turn               (no ring)
MPRegen 0.09/turn               (no ring)

@: brilliant, resistant, flying
A: horns 2, retaliatory headbutt
a: no special abilities


You were on level 3 of the Dungeon.
You visited 1 branch of the dungeon, and saw 3 of its levels.

You collected 123 gold pieces.

Inventory:

Armour
 a - a +0 robe (worn)
 g - a +0 pair of gloves (worn)
Magical Staves
 e - a staff of poison (weapon)
Jewellery
 i - an amulet of reflection (around neck)
Scrolls
 c - a scroll of vulnerability {unknown}
 f - a scroll of identify {unknown}
 h - a scroll of teleportation {unknown}
 k - a scroll of summoning {unknown}


   Skills:
 + Level 1.5 Staves
 - Level 2.1 Dodging
 - Level 1.7 Stealth
 - Level 1.4 Spellcasting
 - Level 0.7 Transmutations
 * Level 3.4 Poison Magic
 * Level 1.5 Evocations


You had 4 spell levels left.
You knew the following spells:

 Your Spells              Type           Power      Damage    Failure   Level
a - Sting                 Tmut/Pois      52%        1d5       12%         1

Your spell library contained the following spells:

 Spells                   Type           Power      Damage    Failure   Level
 Poisonous Vapours        Pois/Air       22%        N/A       22%         2
 Mephitic Cloud           Conj/Pois/Air  8%         N/A       47%         3
 Olgreb's Toxic Radiance  Pois           20%        N/A       56%         4


Dungeon Overview and Level Annotations

Branches:
Dungeon (3/15)

Altars:

Shops:
D:1 !

Annotations:
D:3 Sigmund


Innate Abilities, Weirdness & Mutations

You have a pair of horns on your head.
You reflexively headbutt those who attack you in melee.


Message History

You fly up into the air.
The giant cockroach closely misses you. Something hits you.
* * * LOW HITPOINT WARNING * * *
It was a potion of resistance.
You feel protected.
The giant cockroach bites you but does no damage.
The giant cockroach bites you but does no damage.
The giant cockroach barely misses you.
The giant cockroach waves its antennae.
The giant cockroach bites you but does no damage.
You see here the felid corpse of Natasha.
Casting: Sting (safe; 12% risk of failure)
Confirm with . or Enter, or press ? or * to list all spells.
Aiming: Sting (safe; 12% risk of failure)
Press: ? - help, Shift-Dir - straight line, f - giant cockroach
Aim: a giant cockroach (68% to hit)
You feel a surge of power!
The sting hits the giant cockroach but does no damage.
The giant cockroach is poisoned.
The giant cockroach bites you.
* * * LOW HITPOINT WARNING * * *
The giant cockroach bites you.
* * * LOW HITPOINT WARNING * * *
You barely miss the giant cockroach. You headbutt the giant cockroach.
You kill the giant cockroach!
Something hits you.
* * * LOW HITPOINT WARNING * * *
Something completely misses you. Sigmund casts a spell at you.
You resist with some effort.
Casting: Sting (safe; 12% risk of failure)
Confirm with . or Enter, or press ? or * to list all spells.
Aiming: Sting (safe; 12% risk of failure)
Press: ? - help, Shift-Dir - straight line, f - you
Okay, then.
Sigmund asks, "Do you like me?"
It was a potion of brilliance.
You feel clever all of a sudden. Sigmund casts a spell at you.
The magic dart hits you.
You die...

#.#.###.## #.#.#...#####
#### #.#.#.##....# ...#
#.#..<....#.# #
##.#####.#.#######.###.###
.....†......^.............
<#.##.####.##..........###
#..#.....#.##..........#
.(....##.#..@...@(.....#
#.##.###.####.........##
...#.# #.#............#
#.##.# #.#.##.#########
..##.###.#.##.#######
.....................
#.##.###.#.##########
#.##.# #.#.# #.# #.#.#


You could see Sigmund.

Vanquished Creatures
  Natasha (twice) (D:3)
  2 adders (D:2)
  A dart slug (D:2)
  An orc (D:3)
  2 ball pythons
  6 endoplasms
  A giant cockroach (D:3)
  5 hobgoblins
  2 quokkas
  5 bats
  3 frilled lizards (D:2)
  3 goblins (D:2)
  3 kobolds
  2 rats
38 creatures vanquished.

Notes
Turn   | Place    | Note
-------+----------+-------------------------------------------
     0 | D:1      | innerfire433 the Minotaur Venom Mage began the quest for
                  | the Orb.
     0 | D:1      | Reached XP level 1. HP: 14/14 MP: 1/1
   112 | D:1      | Found Piemic's Distillery.
   576 | D:1      | Found a faded altar of an unknown god.
   720 | D:1      | Reached XP level 2. HP: 20/20 MP: 3/3
  1249 | D:2      | Reached XP level 3. HP: 26/26 MP: 2/4
  1363 | D:2      | Reached skill level 1 in Evocations
  1529 | D:2      | Reached skill level 3 in Poison Magic
  1807 | D:3      | Noticed Natasha
  1814 | D:3      | Killed Natasha
  1815 | D:3      | Reached skill level 1 in Staves
  1815 | D:3      | Reached XP level 4. HP: 26/33 MP: 1/5
  1886 | D:3      | Noticed Natasha
  1890 | D:3      | Killed Natasha
  2028 | D:3      | Noticed Sigmund
  2064 | D:3      | HP: 1/33 [something (6)]
  2075 | D:3      | Killed from afar by Sigmund

Illustrated notes

Levels and vault maps discovered:
D:1:      dpeg_arrival_rooms_c, layout_basic,
          dreamdust_ecumenical_altar_angels_and_demons, serial_shops,
          nicolae_shop_hallway_plus
D:2:      layout_rooms
D:3:      layout_basic, mainiacjoe_overflow_cross_hatched,
          general_overflow_altar, kennysheep_cross_bottleneck, uniq_natasha,
          uniq_sigmund, uniq_terence

Skill      XL: |  1  2  3 |
---------------+----------+-----
Evocations     | 1 |  1.5
Poison Magic   | 3 |  3.4
Staves         | 1 |  1.5
Dodging        | |  2.1
Stealth        | |  1.7
Spellcasting   | |  1.4
Transmutations | |  0.7

Action                   |  1- 3 |  4- 6 || total
-------------------------+-------+-------++-------
Melee: Unarmed           |    11 |       ||    11
       Staff             |    47 |    16 ||    63
       Headbutt          |     5 |     6 ||    11
 Cast: Sting             |    13 |     8 ||    21
  Use: Potion            |       |     3 ||     3
 Stab: Distracted        |     1 |       ||     1
Armor: Robe              |    15 |     5 ||    20
Dodge: Dodged            |    33 |     9 ||    42
Block: Other             |     4 |     4 ||     8

Table legend: (Time is in decaauts)
 A = Elapsed time spent in this place.
 B = Non-inter-level travel time spent in this place.
 C = Inter-level travel time spent in this place.
 D = Time resting spent in this place.
 E = Time spent auto-exploring this place.
 F = Levels seen in this place.
 G = Mean time per level.
                   A        B        C        D        E       F      G
               +--------+--------+--------+--------+--------+-----+--------+
         Total |   2090 |   2030 |     60 |      0 |   1670 |   3 |  696.7 |
       Dungeon |   2090 |   2030 |     60 |      0 |   1670 |   3 |  696.7 |
               +--------+--------+--------+--------+--------+-----+--------+

Top non-repeatable levels by time:
     D:1: 1017 daAuts
     D:2: 794 daAuts
     D:3: 277 daAuts
